AoeStats
← xiribitatatata

Four Lakes

509960839Analyzed
1v1 RM · 2d ago on Sep 28, 2026· 57m 2s· 2 players
Game mode
Random Map
Map size
Tiny (2 player)
Population
200
Speed
Normal
Resources
Standard
Victory
Conquest
Starting age
Dark Age
Ending age
Imperial Age
RankedLock teamsTeams togetherTeam positionsShared explorationLock speedFull tech treeHidden civsTurbo modeCheats
Victory
Defeat
🇺🇸 Mongols · United States
670
+15
🇩🇰 Goths · Denmark
652
-15
xiribitatatata
6:32 Loom
10:54 Feudal Age
12:38 Wheelbarrow
11:56 Double-Bit Axe
12:32 Man-at-Arms
18:09 Wheelbarrow
17:42 Scale Mail Armor
18:27 Forging
20:43 Horse Collar
23:08 Castle Age
24:18 Chain Mail Armor
24:19 Bow Saw
29:09 Iron Casting
29:31 Long Swordsman
30:12 Squires
31:58 Hand Cart
37:13 Imperial Age
35:37 Gold Mining
35:38 Stone Mining
37:13 Ballistics
36:49 Murder Holes
38:16 Conscription
38:17 Heavy Plow
38:33 Fletching
41:35 Chemistry
45:04 Blast Furnace
44:00 Bodkin Arrow
45:21 Town Watch
46:22 Elite Huskarl
47:48 Crop Rotation
49:58 Anarchy
50:00 Perfusion
53:18 Bracer
54:18 Masonry
56:12 Pikeman
Wildanlor
11:01 Feudal Age
11:30 Loom
14:32 Wheelbarrow
19:59 Castle Age
19:25 Fletching
22:16 Town Watch
22:41 Stone Mining
23:53 Double-Bit Axe
26:04 Bodkin Arrow
30:12 Padded Archer Armor
31:20 Town Watch
34:54 Nomads
36:05 Leather Archer Armor
35:57 Scale Barding Armor
36:05 Forging
39:10 Bow Saw
41:04 Wheelbarrow
40:32 Town Patrol
43:36 Imperial Age
41:23 Man-at-Arms
42:04 Squires
43:08 Murder Holes
43:34 Ballistics
44:06 Chain Barding Armor
44:07 Hand Cart
46:05 Chemistry
45:48 Conscription
46:30 Bloodlines
46:22 Husbandry
46:56 Cavalier
50:18 Bracer
50:54 Iron Casting
55:06 Blast Furnace
53:45 Elite Steppe Lancer
56:50 Capped Ram
Connection lost

Rejoining the realm…

Still unreachable

The connection could not be restored.

Session expired

The server has moved on; the page needs a fresh start.